[Event "ICC Open 2015"]
[Site "Internet Chess Club"]
[Date "2015.05.29"]
[Round "9"]
[White "Schurick"]
[Black "Babaliyev"]
[Result "1-0"]
[ICCResult "Black checkmated"]
[WhiteElo "2288"]
[BlackElo "1980"]
[Opening "Réti opening"]
[ECO "A05"]
[NIC "QP.11"]
[Time "15:39:55"]
[TimeControl "180+0"]

1. Nf3 Nf6 2. g3 d5 3. Bg2 Bf5 4. d3 e6 5. O-O Bd6 6. Nbd2 Bg6 7. b3 O-O 8.
Bb2 Nbd7 9. e3 c5 10. Qe2 Rc8 11. e4 dxe4 12. dxe4 Be7 13. Nh4 a6 14. Nxg6
hxg6 15. e5 Nd5 16. c4 Nb4 17. Bxb7 Rb8 18. Be4 Qc7 19. Nf3 Nc6 20. Bxc6
Qxc6 21. Rad1 Rfd8 22. Rd3 Nf8 23. Rfd1 Rxd3 24. Rxd3 Rd8 25. Rxd8 Bxd8 26.
Qd3 Be7 27. Nd2 Bg5 28. Ne4 Be7 29. f4 a5 30. a4 Qb7 31. Bc1 Qb4 32. Bd2 Qa3
33. Bxa5 Qc1+ 34. Kg2 Qb2+ 35. Nd2 f6 36. Bc3 Qc1 37. Qb1 Qa3 38. Qb2 Qxb2
39. Bxb2 Nd7 40. a5 Bd8 41. a6 Bb6 42. exf6 gxf6 43. Ne4 Kf7 44. Nd6+ Ke7
45. Nc8+ Kd8 46. a7 Kxc8 47. a8=Q+ Kc7 48. Qe8 Kd6 49. Qxg6 f5 50. h4 Bc7
51. h5 Bd8 52. h6 Nf8 53. Be5+ Kd7 54. Qf7+ Be7 55. Bf6 Nh7 56. Qxe7+ Kc6
57. Be5 Kb6 58. Qc7+ Ka6 59. Qxh7 Kb6 60. Qc7+ Ka6 61. Qb8 Ka5 62. Qb5#
{Black checkmated}
1-0

[Event "ICC Open 2015"]
[Site "Internet Chess Club"]
[Date "2015.05.29"]
[Round "9"]
[White "Spirals"]
[Black "Womacka"]
[Result "0-1"]
[ICCResult "White forfeits on time"]
[WhiteElo "2139"]
[BlackElo "2406"]
[Opening "Sicilian: Najdorf, Opocensky variation"]
[ECO "B92"]
[NIC "SI.11"]
[Time "15:39:41"]
[TimeControl "180+0"]

1. e4 c5 2. Nf3 d6 3. d4 cxd4 4. Nxd4 Nf6 5. Nc3 a6 6. Be2 e5 7. Nb3 Be7 8.
O-O O-O 9. a4 Nc6 10. Be3 Be6 11. f3 Nb4 12. a5 d5 13. exd5 Nfxd5 14. Nxd5
Nxd5 15. Bf2 Nf4 16. Re1 Nxe2+ 17. Rxe2 f6 18. Rd2 Qc7 19. c3 Qc6 20. Nc1
Rad8 21. Ne2 Rxd2 22. Qxd2 Rd8 23. Qe1 Bb3 24. Nd4 Qd5 25. Nxb3 Qxb3 26. Qe2
Kf7 27. g4 Qd5 28. Be3 g6 29. h3 Qd3 30. Qxd3 Rxd3 31. Kf2 f5 32. Ke2 Rd5
33. c4 Rd7 34. Rd1 Rxd1 35. Kxd1 Bb4 36. Bd2 Bd6 37. b4 Ke6 38. Ke2 h5 39.
gxh5 gxh5 40. Kd3 Be7 41. Bc3 Bd8 42. Bd2 Bc7 43. Bc3 Kf6 44. Bd2 Bd8 45.
Be3 Be7 46. c5 Ke6 47. Kc4 e4 {White forfeits on time} 0-1

[Event "ICC Open 2015"]
[Site "Internet Chess Club"]
[Date "2015.05.29"]
[Round "9"]
[White "Lucas"]
[Black "Gambit101"]
[Result "1-0"]
[ICCResult "Black resigns"]
[WhiteElo "2561"]
[BlackElo "3100"]
[Opening "Catalan: open, 5.Nf3"]
[ECO "E04"]
[NIC "CA.03"]
[Time "15:39:36"]
[TimeControl "180+0"]

1. d4 Nf6 2. c4 e6 3. g3 d5 4. Bg2 dxc4 5. Nf3 a6 6. Ne5 Bb4+ 7. Bd2 Qxd4 8.
Bxb4 Qxe5 9. O-O c5 10. Bc3 Qc7 11. Na3 Nc6 12. Nxc4 b5 13. Qd6 Qxd6 14.
Nxd6+ Kd7 15. Nxf7 Rf8 16. Ne5+ Nxe5 17. Bxe5 Nd5 18. Rfd1 Kc6 19. e4 Nb6
20. Bxg7 Rf7 21. Be5 Nc4 22. Bc3 Bb7 23. b3 Nb6 24. Ba5 e5 25. Bxb6 Kxb6 26.
Rd6+ Kc7 27. Re6 Raf8 28. f3 Rd7 29. Rxe5 Kb6 30. Rf1 Rd2 31. Rf2 Rd1+ 32.
Bf1 c4 33. bxc4 bxc4 34. Kg2 c3 35. Rc2 Rd2+ 36. Rxd2 cxd2 37. Be2 Rd8 38.
Bd1 Rc8 39. Kf2 Bc6 40. Ke2 Rd8 41. Re6 Kc5 42. e5 Bb5+ 43. Ke3 Rd3+ 44. Kf2
Rc3 45. Rd6 Bd3 46. Be2 Bg6 47. Rxd2 Ra3 48. f4 Rc3 49. Bf3 a5 50. h3 a4 51.
g4 a3 52. f5 Be8 53. e6 Bb5 54. f6 Bc4 55. f7 {Black resigns} 1-0

[Event "ICC Open 2015"]
[Site "Internet Chess Club"]
[Date "2015.05.29"]
[Round "9"]
[White "Radja"]
[Black "Tyrel"]
[Result "0-1"]
[ICCResult "White forfeits on time"]
[WhiteElo "2395"]
[BlackElo "2127"]
[Opening "Philidor: Improved Hanham variation"]
[ECO "B07"]
[NIC "PU.08"]
[Time "15:39:35"]
[TimeControl "180+0"]

1. e4 d6 2. d4 Nf6 3. Nc3 Nbd7 4. Nf3 e5 5. Bc4 Be7 6. O-O O-O 7. a4 c6 8.
dxe5 dxe5 9. Qe2 h6 10. Rd1 Qc7 11. h3 Nh7 12. b3 Re8 13. a5 Ndf8 14. Ba3
Ng6 15. Qe3 Bxa3 16. Rxa3 Qe7 17. Raa1 Qf6 18. Ne2 Ng5 19. Nxg5 hxg5 20. Ng3
Nf4 21. Rd2 g6 22. Rad1 Be6 23. Rd6 Kg7 24. Bxe6 Nxe6 25. Ne2 Qe7 26. Rd7
Qf6 27. Rxb7 Nf4 28. Nxf4 gxf4 29. Qf3 Re7 30. Rdd7 Rxd7 31. Rxd7 Qe6 32.
Qg4 Qf6 33. b4 Rb8 34. c3 a6 35. Rc7 Rd8 36. Rd7 Rb8 37. Qd1 Qg5 38. Qg4 Qf6
39. Qd1 Qg5 40. f3 Rh8 41. Qd6 Rxh3 42. Qe6 Rh1+ 43. Kxh1 Qh4+ 44. Qh3 Qe1+
45. Kh2 Qf2 46. Rd8 Kf6 47. Qh8+ Ke7 48. Qf8+ Kf6 49. Qd6+ Kg7 50. Qxe5+ f6
51. Qe7+ Kh6 52. Qxf6 Qg3+ 53. Kg1 Qe1+ {White forfeits on time} 0-1

[Event "ICC Open 2015"]
[Site "Internet Chess Club"]
[Date "2015.05.29"]
[Round "9"]
[White "cap78red"]
[Black "shortcastle"]
[Result "1/2-1/2"]
[ICCResult "Black ran out of time and White has no material to mate"]
[WhiteElo "1345"]
[BlackElo "1549"]
[Opening "English: three knights system"]
[ECO "A27"]
[NIC "EO.21"]
[Time "15:39:17"]
[TimeControl "180+0"]

1. c4 e5 2. Nc3 Nc6 3. Nf3 f5 4. e4 Bb4 5. Nd5 a5 6. exf5 d6 7. g4 Nf6 8. a3
Bc5 9. Rg1 Ne4 10. d4 Nxd4 11. Nxd4 Bxd4 12. Be3 Bxe3 13. fxe3 O-O 14. Bg2
Qh4+ 15. Ke2 Qf2+ 16. Kd3 Nc5+ 17. Kc3 Kh8 18. b4 axb4+ 19. axb4 Na4+ 20.
Rxa4 Rxa4 21. Qxa4 c6 22. Qd1 cxd5 23. Bxd5 Qxe3+ 24. Qd3 Qxg1 25. Be6 Bxe6
26. Qxd6 Qd4+ 27. Qxd4 exd4+ 28. Kxd4 Bd7 29. Kc5 Rf6 30. b5 Kg8 31. h3 Kf8
32. Kd5 Ke7 33. c5 Bxb5 34. c6 Bxc6+ 35. Kc5 Rh6 36. Kd4 Rxh3 37. Ke5 Rg3
38. Kf4 Rf3+ 39. Kg5 h6+ 40. Kg6 Be4 41. Kh5 Bxf5 42. gxf5 Rxf5+ 43. Kg6
Rf6+ 44. Kxg7 b5 45. Kh7 b4 46. Kg7 b3 47. Kg8 b2 48. Kh8 b1=Q 49. Kg8 Qb8+
50. Kh7 Qd6 51. Kg7 Qe6 52. Kh7 Qf7+ 53. Kh8
{Black ran out of time and White has no material to mate}
1/2-1/2

[Event "ICC Open 2015"]
[Site "Internet Chess Club"]
[Date "2015.05.29"]
[Round "9"]
[White "olimpus"]
[Black "MoonlightWizard"]
[Result "0-1"]
[ICCResult "White resigns"]
[WhiteElo "2764"]
[BlackElo "2993"]
[Opening "Benko's opening"]
[ECO "A00"]
[NIC "VO.09"]
[Time "15:40:16"]
[TimeControl "180+0"]

1. g3 e5 2. b4 d5 3. a3 Nf6 4. Bg2 Bd6 5. Bb2 O-O 6. d3 c6 7. Nd2 Be6 8.
Ngf3 Nbd7 9. Ng5 Bf5 10. e4 Bg4 11. Ngf3 a5 12. c3 Qc7 13. h3 Bh5 14. O-O
Rfd8 15. Qc2 Nf8 16. Nh4 Bg6 17. c4 dxe4 18. c5 Bxc5 19. Qxc5 Rxd3 20. Bxe5
Qc8 21. Nxg6 hxg6 22. Nxe4 N8d7 23. Qe7 Nd5 24. Qh4 Nxe5 25. Ng5 Nf6 26.
Rfe1 Qf5 27. Be4 Nxe4 28. Rxe4 Qxg5 29. Qxg5 Nf3+ 30. Kg2 Nxg5 31. Rg4 Ne6
32. bxa5 Rxa5 33. Rb1 b5 34. Rc1 c5 {White resigns} 0-1

[Event "ICC Open 2015"]
[Site "Internet Chess Club"]
[Date "2015.05.29"]
[Round "9"]
[White "dafresh"]
[Black "VolcanoExplorer"]
[Result "1-0"]
[ICCResult "Black checkmated"]
[WhiteElo "2280"]
[BlackElo "2009"]
[Opening "Blumenfeld counter-gambit"]
[ECO "E10"]
[NIC "QI.01"]
[Time "15:40:09"]
[TimeControl "180+0"]

1. d4 Nf6 2. c4 e6 3. Nf3 c5 4. d5 b5 5. e4 d6 6. cxb5 Nxe4 7. Bc4 Be7 8.
O-O O-O 9. Re1 Nf6 10. dxe6 fxe6 11. Bxe6+ Bxe6 12. Rxe6 Nbd7 13. Nc3 Nb6
14. Qe2 Re8 15. Bg5 Qd7 16. Re1 Nfd5 17. Nxd5 Nxd5 18. Bxe7 Nf4 19. Qc4 Nxe6
20. Rxe6 d5 21. Qe2 d4 22. Qe4 h6 23. h4 d3 24. Rxh6 Qxe7 25. Qc4+ Qf7 26.
Rh8+ Kxh8 27. Qxf7 d2 28. Nxd2 Rad8 29. Nf3 Re2 30. Ng5 Rd1+ 31. Kh2 Rxf2
32. Qe8+ Rf8 33. Qxf8# {Black checkmated} 1-0

[Event "ICC Open 2015"]
[Site "Internet Chess Club"]
[Date "2015.05.29"]
[Round "9"]
[White "Kyekerz"]
[Black "lemanofzorn"]
[Result "0-1"]
[ICCResult "White forfeits on time"]
[WhiteElo "1256"]
[BlackElo "1483"]
[Opening "Caro-Kann: advance variation"]
[ECO "B12"]
[NIC "CK.04"]
[Time "15:39:52"]
[TimeControl "180+0"]

1. e4 c6 2. d4 d5 3. e5 Bf5 4. Nf3 e6 5. b3 Qa5+ 6. Bd2 Qb6 7. c4 dxc4 8.
Bxc4 Ne7 9. O-O Nd5 10. Nc3 Bb4 11. Na4 Qa5 12. Bxd5 Bxd2 13. Bxc6+ Nxc6 14.
Qxd2 Qxd2 15. Nxd2 Nxd4 16. Nc5 Rc8 17. Nxb7 O-O 18. Nc4 Bd3 19. Rfd1 Ne2+
20. Kh1 Bxc4 21. Nd6 Rcd8 22. Nxc4 Nf4 23. Rd6 Nd5 24. Rd1 Rc8 25. f3 Nc3
26. R1d3 Nxa2 {White forfeits on time} 0-1

[Event "ICC Open 2015"]
[Site "Internet Chess Club"]
[Date "2015.05.29"]
[Round "9"]
[White "Daler"]
[Black "Prof-chess"]
[Result "1-0"]
[ICCResult "Black forfeits on time"]
[WhiteElo "2488"]
[BlackElo "2799"]
[Opening "King's Indian: fianchetto, classical main line"]
[ECO "E69"]
[NIC "KI.62"]
[Time "15:38:57"]
[TimeControl "180+0"]

1. d4 Nf6 2. c4 g6 3. g3 Bg7 4. Bg2 d6 5. Nc3 O-O 6. Nf3 Nbd7 7. O-O e5 8.
e4 c6 9. h3 exd4 10. Nxd4 Qb6 11. Na4 Qc7 12. Re1 Re8 13. Bf4 Ne5 14. Rc1 b6
15. b3 Bb7 16. Nc3 Rad8 17. Be3 a6 18. f4 Ned7 19. Bf2 h5 20. Qc2 Nc5 21.
Rcd1 Re7 22. Re2 Rde8 23. Rde1 a5 24. a3 Ne6 25. Nf3 Nd7 26. b4 axb4 27.
axb4 c5 28. Nb5 Qb8 29. f5 Nd4 30. Nfxd4 cxd4 31. fxg6 fxg6 32. Nxd4 Bxd4
33. Bxd4 Ne5 34. Bxb6 Bxe4 35. Rxe4 Qxb6+ 36. c5 dxc5 37. bxc5 Qf6 38. Rf4
Nf3+ 39. Kf2 Nxe1 40. Qb3+ Kg7 41. Rxf6 Re2+ 42. Kf1 Kxf6 43. Qc3+ R8e5 44.
Bd5 Re3 45. Qd4 Nd3 46. h4 Ke7 47. Kg2 Re2+ 48. Kf1 Re1+ 49. Kg2 R5e2+ 50.
Kh3 Nf2+ 51. Kg2 Ng4+ 52. Kf3 Ne5+ 53. Kf4 Rf1+ 54. Kg5 Rf5+ 55. Kh6 Ng4+
56. Kg7 Ree5 57. Bb3 Rxc5 58. Qe4+ Rfe5 59. Qb7+ Kd6 60. Qb8+ Kc6 61. Ba4+
Kd5 62. Qd8+ Ke4 63. Bc2+ Ke3 64. Qd1 Kf2 65. Qd2+ Kxg3 66. Qd7 Kxh4 67.
Qd8+ {Black forfeits on time} 1-0

[Event "ICC Open 2015"]
[Site "Internet Chess Club"]
[Date "2015.05.29"]
[Round "9"]
[White "Vegita"]
[Black "brauliocuarta"]
[Result "1-0"]
[ICCResult "Black forfeits on time"]
[WhiteElo "2327"]
[BlackElo "2063"]
[Opening "Blumenfeld counter-gambit, Spielmann variation"]
[ECO "A57"]
[NIC "BI.46"]
[Time "15:40:07"]
[TimeControl "180+0"]

1. d4 Nf6 2. c4 c5 3. d5 b5 4. Nf3 e6 5. Bg5 exd5 6. cxd5 h6 7. Bf4 Bb7 8.
e4 Qe7 9. Bd3 Nxd5 10. Bg3 b4 11. O-O Nb6 12. Nbd2 Nc6 13. Rc1 Qe6 14. Nc4
Be7 15. Ne3 O-O 16. Re1 d6 17. Nd5 Rac8 18. b3 Ne5 19. Bb1 Bg5 20. Nxg5 hxg5
21. Ne3 f6 22. Nf5 Rcd8 23. Qh5 g6 24. Nh6+ Kg7 25. Nf5+ gxf5 26. exf5 Qf7
27. Qd1 Rh8 28. h3 g4 29. h4 Ba8 30. a3 Qb7 31. Be4 d5 32. Bb1 d4 33. Be4
Qxe4 34. Rxe4 Bxe4 35. axb4 cxb4 36. Bxe5 fxe5 37. Qxg4+
{Black forfeits on time}
1-0

[Event "ICC Open 2015"]
[Site "Internet Chess Club"]
[Date "2015.05.29"]
[Round "9"]
[White "Sibelephant"]
[Black "Glamurius"]
[Result "1/2-1/2"]
[ICCResult "Game drawn by repetition"]
[WhiteElo "3198"]
[BlackElo "3029"]
[Opening "Réti opening"]
[ECO "A05"]
[NIC "QP.11"]
[Time "15:38:55"]
[TimeControl "180+0"]

1. Nf3 Nf6 2. g3 c5 3. Bg2 g6 4. b3 Bg7 5. Bb2 O-O 6. O-O Nc6 7. c4 b6 8. d4
cxd4 9. Nxd4 Bb7 10. Nc3 Rb8 11. Nc2 d6 12. Qd2 Ne5 13. e4 a6 14. Ne3 b5 15.
cxb5 axb5 16. Ncd5 Nxd5 17. exd5 Qb6 18. Rfd1 Rfc8 19. Bd4 Qa6 20. Rac1 Rxc1
21. Rxc1 Rc8 22. Rc2 Rxc2 23. Qxc2 Nf3+ 24. Bxf3 Bxd4 25. Kg2 Qb6 26. Nf1
Kg7 27. Qe2 Bf6 28. Nd2 b4 29. Nc4 Qc5 30. Ne3 h5 31. Qd3 Bc8 32. Qc4 Bd4
33. Qxc5 Bxc5 34. Be4 Kf6 35. Nc4 e6 36. Bf3 exd5 37. Bxd5 Bf5 38. Nd2 Ke5
39. Bxf7 Kd4 40. Nf3+ Kc3 41. Nh4 Bb1 42. Nxg6 Bxa2 43. Nf4 Bxb3 44. Bxh5
Bc4 45. Bg6 b3 46. h4 d5 47. h5 Bf8 48. g4 Bh6 49. Ne6 d4 50. g5 Bxe6 51.
gxh6 Bg8 52. h7 Bxh7 53. Bxh7 d3 54. Bxd3 Kxd3 55. h6 b2 56. h7 b1=Q 57.
h8=Q Qb7+ 58. Kg1 Qb1+ 59. Kh2 Ke2 60. Qh4 Qf5 61. Kg2 Qd5+ 62. Kh2 Qf5 63.
Kg1 Qb1+ 64. Kh2 Qf5 {Game drawn by repetition} 1/2-1/2

[Event "ICC Open 2015"]
[Site "Internet Chess Club"]
[Date "2015.05.29"]
[Round "9"]
[White "Ramanip15"]
[Black "pawnloser"]
[Result "1-0"]
[ICCResult "Black forfeits on time"]
[WhiteElo "1904"]
[BlackElo "1596"]
[Opening "Alekhine's defense: exchange variation"]
[ECO "B03"]
[NIC "AL.08"]
[Time "15:39:29"]
[TimeControl "180+0"]

1. e4 Nf6 2. e5 Nd5 3. d4 d6 4. c4 Nb6 5. exd6 cxd6 6. Nc3 g6 7. Be3 Bg7 8.
Rc1 O-O 9. b3 Nc6 10. Be2 e5 11. d5 Ne7 12. Nf3 h6 13. O-O f5 14. Nd2 Nd7
15. f4 exf4 16. Bxf4 Ne5 17. Nf3 g5 18. Bxe5 dxe5 19. d6 Nc6 20. Nb5 a6 21.
Nc7 Rb8 22. c5 e4 23. Bc4+ Kh7 24. Nd2 Ne5 25. Kh1 Ng4 26. Be6 Ne3 27. Qh5
Nxf1 28. Rxf1 Qf6 29. d7 Qd4 30. dxc8=Q Rbxc8 31. Bxf5+ Rxf5 32. Rxf5 Qxd2
33. Rf1 Rxc7 34. Qg4 Qd5 35. h4 gxh4 36. Qxh4 Qe5 37. Qe1 Re7 38. Rf2 e3 39.
Re2 Qe4 40. Qg3 Bd4 41. Qh3 Re6 42. c6 bxc6 43. Qg3 c5 44. Qc7+ Re7 45. Qg3
Qe5 46. Qg4 Qe6 47. Qf3 Qg6 48. Qh3 Qb1+ 49. Kh2 Qg6 50. Qxh6+ Qxh6+ 51. Kg3
Qg5+ 52. Kh2 Be5+ 53. Kg1 Qg3 54. Rxe3 {Black forfeits on time} 1-0

[Event "ICC Open 2015"]
[Site "Internet Chess Club"]
[Date "2015.05.29"]
[Round "9"]
[White "akibael"]
[Black "TheGreatFair"]
[Result "0-1"]
[ICCResult "White checkmated"]
[WhiteElo "2414"]
[BlackElo "2153"]
[Opening "Sicilian: Canal-Sokolsky (Nimzovich-Rossolimo, Moscow) attack"]
[ECO "B51"]
[NIC "SI.01"]
[Time "15:39:44"]
[TimeControl "180+0"]

1. e4 c5 2. Nf3 d6 3. Bb5+ Nd7 4. Nc3 a6 5. Bxd7+ Qxd7 6. O-O Nf6 7. e5 dxe5
8. Nxe5 Qc7 9. Re1 e6 10. d3 Bd6 11. Bf4 O-O 12. Qf3 Rb8 13. Bg3 b5 14. Ng4
Nxg4 15. Bxd6 Qxd6 16. Qxg4 f5 17. Qe2 Re8 18. Qe5 Qb6 19. Nd5 Qb7 20. Nf4
Bd7 21. h4 Rbc8 22. Re3 Qc7 23. Rae1 Qxe5 24. Rxe5 Kf7 25. c3 g6 26. f3 Kf6
27. Kf2 h6 28. g4 g5 29. Nh5+ Kf7 30. hxg5 hxg5 31. Ng3 Kf6 32. Nh5+ Kf7 33.
Kg3 Rc6 34. f4 gxf4+ 35. Nxf4 Rg8 36. Rh1 Rxg4+ 37. Kf3 Rd6 38. Rh7+ Kf6 39.
Re2 Bc6+ 40. Ke3 Rg3+ 41. Kd2 Be4 42. Nh5+ Kg6 43. Nxg3 Kxh7 44. Nxe4 fxe4
45. Rxe4 Kg6 46. Re5 Rc6 47. Ke3 Kf6 48. Ke4 Rc7 49. Rg5 Kxg5 50. Ke5 Rd7
51. d4 cxd4 52. Kxe6 Rd5 53. Kxd5 d3 54. Ke4 d2 55. Ke3 d1=Q 56. Ke4 Qa1 57.
Kd3 Qxb2 58. Kd4 Qxa2 59. Kd3 Qc4+ 60. Kd2 b4 61. cxb4 Qxb4+ 62. Kd3 a5 63.
Ke3 a4 64. Kd3 a3 65. Ke3 a2 66. Kd3 a1=Q 67. Ke3 Qaa3+ 68. Ke2 Qbb2+ 69.
Kd1 Qaa1# {White checkmated} 0-1

[Event "ICC Open 2015"]
[Site "Internet Chess Club"]
[Date "2015.05.29"]
[Round "9"]
[White "muisback"]
[Black "Inmune"]
[Result "0-1"]
[ICCResult "White resigns"]
[WhiteElo "3104"]
[BlackElo "3018"]
[Opening "Two knights defense (Modern bishop's opening)"]
[ECO "C55"]
[NIC "IG.01"]
[Time "15:39:41"]
[TimeControl "180+0"]

1. e4 e5 2. Nf3 Nc6 3. Bc4 Nf6 4. d3 Be7 5. c3 O-O 6. O-O d6 7. Bb3 Na5 8.
Bc2 c5 9. Re1 b5 10. Nbd2 b4 11. Nf1 Rb8 12. Ng3 g6 13. h3 Re8 14. d4 bxc3
15. bxc3 Nd7 16. Bh6 Bf6 17. d5 Nc4 18. Qe2 Na3 19. Ba4 Rb6 20. Bc1 Ba6 21.
Qd1 Nc4 22. Nh2 Nb2 23. Bxb2 Rxb2 24. Ng4 Bg7 25. Qf3 h5 26. Bxd7 Qxd7 27.
Nf6+ Bxf6 28. Qxf6 Qe7 29. Qf3 Kg7 30. Reb1 Reb8 31. Rxb2 Rxb2 32. a4 Bc4
33. Qe3 Qf6 34. Nf1 Qf4 35. Qe1 Bxf1 36. Qxf1 Rc2 37. Re1 Rxc3 38. Qa6 Rc1
39. Rxc1 Qxc1+ 40. Kh2 Qf4+ 41. Kg1 Qxe4 42. Qxd6 c4 43. Qc5 Qd4 44. Qc6 c3
45. d6 Qd1+ 46. Kh2 c2 47. d7 c1=Q 48. Qxc1 Qxc1 49. d8=Q Qf4+ 50. Kg1 Qxa4
51. Qe7 Qd4 52. Qc7 a6 53. g4 hxg4 54. hxg4 Qxg4+ 55. Kf1 Qd4 56. Kg2 Qd5+
57. Kg3 a5 58. f3 Qd4 59. Qc6 Qg1+ 60. Kh3 Qd4 61. Kg3 a4 62. Qa6 Qf4+ 63.
Kg2 Qd2+ 64. Kg3 Qe1+ 65. Kg2 Qd2+ 66. Kg3 Qb4 67. f4 Qxf4+ 68. Kh3 Qf5+ 69.
Kh4 e4 70. Qxg6+ Qxg6 {White resigns} 0-1

[Event "ICC Open 2015"]
[Site "Internet Chess Club"]
[Date "2015.05.29"]
[Round "9"]
[White "plagis"]
[Black "TallTower"]
[Result "0-1"]
[ICCResult "White forfeits on time"]
[WhiteElo "2060"]
[BlackElo "1765"]
[Opening "Scandinavian defense"]
[ECO "B01"]
[NIC "SD.03"]
[Time "15:39:37"]
[TimeControl "180+0"]

1. e4 d5 2. exd5 Nf6 3. d4 Bg4 4. Be2 Bxe2 5. Nxe2 Qxd5 6. O-O e6 7. Nd2 Nc6
8. c4 Qh5 9. Nf3 O-O-O 10. Ng3 Qg6 11. a3 Nxd4 12. Ne5 Qc2 13. Be3 Qxb2 14.
Nxf7 Bc5 15. Nxd8 Rxd8 16. Qc1 Qb3 17. Bxd4 Bxd4 18. Rb1 Qd3 19. Qe1 e5 20.
Rc1 e4 21. Nf5 Qxa3 22. Nxd4 Rxd4 23. Qe2 Qd3 24. Rfe1 Qxe2 25. Rxe2 Kd7 26.
h3 a6 27. f3 exf3 28. gxf3 Rd3 29. Kf2 Rd4 30. Rc3 b6 31. Ke3 Rd6 32. Rd3
Kc6 33. Rxd6+ Kxd6 34. f4 c6 35. Kf3 Kc5 36. Kg2 Kxc4 37. Kh1 Kb5 38. Re1 c5
39. Re6 c4 40. Re1 Kc5 41. Kg2 c3 42. Kf3 Kc4 43. Rd1 c2 44. Ke3 Kc3 45. Rc1
Kb2 46. Kd2 Ne4+ 47. Ke3 Kxc1 48. f5 Kb1 49. Kxe4 c1=Q 50. f6 Qe1+ 51. Kf5
Qf2+ 52. Kg5 Qxf6+ 53. Kg4 Qg6+ 54. Kh4 Qf6+ 55. Kg3 Qe5+ 56. Kg2 Qe6 57.
Kg3 Qe7 58. Kg2 Qf7 59. Kg3 Qf8 60. Kg2 Qf6 61. Kg3 Qf5 62. Kg2 Qf6 63. Kg3
Qe6 64. Kg2 Qd6 {White forfeits on time} 0-1

[Event "ICC Open 2015"]
[Site "Internet Chess Club"]
[Date "2015.05.29"]
[Round "9"]
[White "beaupre"]
[Black "BlueJ"]
[Result "1-0"]
[ICCResult "Black forfeits on time"]
[WhiteElo "1811"]
[BlackElo "2166"]
[Opening "Sicilian: Taimanov variation"]
[ECO "B49"]
[NIC "SI.40"]
[Time "15:39:51"]
[TimeControl "180+0"]

1. e4 c5 2. Nf3 e6 3. d4 cxd4 4. Nxd4 Nc6 5. Nc3 Qc7 6. Be3 a6 7. Be2 Nf6 8.
O-O Bb4 9. Nxc6 bxc6 10. e5 Qxe5 11. Bd4 Qc7 12. Bxf6 gxf6 13. Ne4 Be7 14.
f4 d5 15. Ng3 Qb6+ 16. Kh1 Qxb2 17. Rb1 Qxa2 18. Rb6 Bd7 19. Rb7 Qa5 20. f5
e5 21. Nh5 Rg8 22. Qb1 Rc8 23. Rf3 Qd2 24. Qf1 e4 25. Rfb3 Rg5 26. Ng3 Bd6
27. Bxa6 h5 28. Rxd7 Kxd7 29. Bxc8+ Kxc8 30. Qa6+ Kd7 31. Rb7+ Bc7 32. Rxc7+
Kxc7 33. Qa5+ Kd7 34. Qxd2 h4 35. Nf1 Rxf5 36. Kg1 Rg5 37. Ne3 Kd6 38. c4 h3
39. cxd5 cxd5 40. Qb4+ Ke5 41. Qe7+ Kd4 42. Qa7+ Ke5 43. Qc5 hxg2 44. Nxg2
f5 45. Kf2 f6 46. Qc7+ Kd4 47. Qb6+ Ke5 48. Qb8+ Kd4 49. Qb4+
{Black forfeits on time}
1-0

[Event "ICC Open 2015"]
[Site "Internet Chess Club"]
[Date "2015.05.29"]
[Round "9"]
[White "zona"]
[Black "Tasmaniandevil"]
[Result "1/2-1/2"]
[ICCResult "Black ran out of time and White has no material to mate"]
[WhiteElo "2521"]
[BlackElo "2098"]
[Opening "Ruy Lopez: Schliemann defense"]
[ECO "C63"]
[NIC "RL.06"]
[Time "15:39:55"]
[TimeControl "180+0"]

1. e4 e5 2. Nf3 Nc6 3. Bb5 f5 4. d3 fxe4 5. dxe4 Nf6 6. O-O Bc5 7. Bg5 d6 8.
Nc3 O-O 9. Nd5 Kh8 10. Nxf6 gxf6 11. Be3 Bb6 12. Bxb6 axb6 13. Bxc6 bxc6 14.
Nh4 f5 15. exf5 Qxh4 16. g3 Qh3 17. f4 Bxf5 18. Qe2 Rae8 19. fxe5 Rxe5 20.
Qd2 Rfe8 21. Rf2 Be4 22. Raf1 Qe6 23. b3 b5 24. Qc3 Kg8 25. Rf6 Qh3 26. Qd2
Bd5 27. c4 bxc4 28. b4 c3 29. Qf2 Qc8 30. a4 Re2 31. Rf8+ Rxf8 32. Qxe2
Rxf1+ 33. Qxf1 Qg4 34. Qd3 Qe4 35. Qxe4 Bxe4 36. Kf2 c2 37. Ke3 c1=Q+ 38.
Kxe4 Qc4+ 39. Kf5 Qxb4 40. Ke6 Qxa4 41. Kd7 Qg4+ 42. Kxc7 Qh3 43. Kxd6 Qxh2
44. Kxc6 Qxg3 45. Kd5 Qe3 46. Kd6 Kg7 47. Kd5 Kf6 48. Kd6 Qd4+ 49. Kc6 Ke6
50. Kb5 Qc3 51. Ka4 Kd6 52. Kb5
{Black ran out of time and White has no material to mate}
1/2-1/2

[Event "ICC Open 2015"]
[Site "Internet Chess Club"]
[Date "2015.05.29"]
[Round "9"]
[White "editm"]
[Black "ElFenomeno"]
[Result "1-0"]
[ICCResult "Black forfeits on time"]
[WhiteElo "1939"]
[BlackElo "1897"]
[Opening "King's Indian: Four pawns attack, dynamic line"]
[ECO "E76"]
[NIC "KI.55"]
[Time "15:39:45"]
[TimeControl "180+0"]

1. d4 Nf6 2. c4 g6 3. Nc3 Bg7 4. e4 d6 5. f4 O-O 6. Nf3 c5 7. d5 b5 8. cxb5
a6 9. a4 axb5 10. Bxb5 Ba6 11. Bd2 Ne8 12. O-O Nc7 13. Qe2 Nd7 14. Rfe1 Bxb5
15. axb5 Qb8 16. Rxa8 Qxa8 17. Qc4 Rb8 18. b4 Nb6 19. Qb3 c4 20. Qb2 Na4 21.
Qc2 Nxc3 22. Bxc3 Bxc3 23. Qxc3 Nxb5 24. Qxc4 Qa3 25. h3 Qc3 26. Qxc3 Nxc3
27. Re3 Na2 28. Ra3 Nxb4 29. Ra7 Kf8 30. Nd4 Nd3 31. Nc6 Rb1+ 32. Kh2 Nxf4
33. Nxe7 Rb2 34. Kg3 Nxg2 35. Nc6 Ne3 36. Ra8+ Kg7 37. Rd8 Nc4 38. Ne7 Re2
39. Kf3 Re3+ 40. Kf2 Rxh3 41. Nc8 Kf6 42. Nxd6 Nxd6 43. Rxd6+ Ke5 44. Rd7
Kxe4 45. d6 Rf3+ 46. Ke2 Re3+ 47. Kf2 Rd3 48. Rxf7 h5 49. Re7+ Kf5 50. d7 g5
51. Rf7+ Kg4 52. Rh7 h4 53. Re7 h3 54. Kg1 Rd2 55. Re4+ Kh5 56. Re3 g4 57.
Re5+ Kh4 58. Re3 g3 59. Re4+ Kg5 60. Re5+ Kf6 61. Re1 Rg2+ 62. Kh1 Rh2+ 63.
Kg1 Rg2+ 64. Kf1 Rf2+ 65. Kg1 h2+ 66. Kh1 g2+ 67. Kxh2 {Black forfeits on
time} 1-0

[Event "ICC Open 2015"]
[Site "Internet Chess Club"]
[Date "2015.05.29"]
[Round "9"]
[White "MythBulletChess"]
[Black "capaldi"]
[Result "0-1"]
[ICCResult "White forfeits on time"]
[WhiteElo "1565"]
[BlackElo "1879"]
[Opening "Sicilian: Pelikan (Lasker/Sveshnikov) variation"]
[ECO "B33"]
[NIC "SI.35"]
[Time "15:40:02"]
[TimeControl "180+0"]

1. e4 c5 2. Nf3 Nc6 3. d4 cxd4 4. Nxd4 Nf6 5. Nc3 e5 6. Nb3 Bb4 7. Bd3 O-O
8. Bg5 h6 9. Bh4 g5 10. Bg3 Bxc3+ 11. bxc3 d5 12. exd5 Qxd5 13. O-O e4 14.
Be2 Qxd1 15. Raxd1 Be6 16. Rfe1 Rfd8 17. Nc5 Bxa2 18. Nxb7 Rxd1 19. Rxd1 Kg7
20. Bb5 Ne7 21. Rd6 Kg6 22. Be5 Nd5 23. Bc6 Kf5 24. Bxf6 Nxf6 25. Nc5 Rc8
26. Bxe4+ Nxe4 27. Nxe4 Kxe4 28. Rd4+ Ke5 29. Ra4 Be6 30. Rxa7 Rxc3 31. h3
Rxc2 32. Kh2 Rc1 33. Ra5+ Kf6 {White forfeits on time} 0-1

[Event "ICC Open 2015"]
[Site "Internet Chess Club"]
[Date "2015.05.29"]
[Round "9"]
[White "Rotchopf"]
[Black "Ennjy"]
[Result "1/2-1/2"]
[ICCResult "White stalemated"]
[WhiteElo "1857"]
[BlackElo "1937"]
[Opening "Caro-Kann defense"]
[ECO "B10"]
[NIC "CK.01"]
[Time "15:40:06"]
[TimeControl "180+0"]

1. e4 c6 2. Nf3 d5 3. e5 Bg4 4. c3 e6 5. d4 c5 6. Bd3 Nc6 7. Be3 cxd4 8.
cxd4 Nge7 9. O-O Nf5 10. Bxf5 Bxf5 11. Nc3 Be7 12. h3 O-O 13. Ne2 b5 14. Ng3
Bg6 15. a3 Rc8 16. Rc1 Qb6 17. h4 h6 18. Qd2 Na5 19. Bxh6 gxh6 20. Qxh6 Rfe8
21. Kh2 Bf8 22. Qg5 Rxc1 23. Rxc1 Qd8 24. Qg4 Kh8 25. Rc3 Bh6 26. Ng5 Rg8
27. f4 f5 28. exf6 Qxf6 29. Rc7 Bf5 30. Qh5 Rg6 31. Rc8+ Kg7 32. Rc7+ Kf8
33. Rf7+ Qxf7 34. Nxf7 Kxf7 35. Nxf5 exf5 36. Qxf5+ Kg7 37. g4 Rf6 38. Qd7+
Rf7 39. Qxd5 Bxf4+ 40. Kg2 Nc4 41. Qe4 Ne3+ 42. Kg1 Nxg4 43. h5 Be3+ 44. Kh1
Nf2+ 45. Kg2 Nxe4 46. h6+ Kxh6 47. d5 Rg7+ 48. Kf3 Ng5+ 49. Ke2 Re7 50. Kd3
Bc5 51. b4 Rd7 52. bxc5 Rxd5+ 53. Kc3 Rxc5+ 54. Kb4 Rc4+ 55. Ka5 Rc3 56. Ka6
Rxa3+ 57. Kb7 b4 58. Kc6 b3 59. Kd5 b2 60. Ke5 b1=Q 61. Kf6 Re3
{White stalemated}
1/2-1/2